 Dungeon Crawl Stone Soup version 0.32-a0-841-g4648e6c457 (webtiles) character file.

Game seed: 7864622341637847179

2502 BigDaddyOpFi the Shield-Bearer (level 9, -3/63 HPs)
             Began as an Octopode Fighter on Mar 26, 2024.
             Was an Initiate of Ashenzari.
             Shot with an arrow by a centaur (14 damage)
             ... on level 8 of the Dungeon.
             The game lasted 00:20:11 (12140 turns).

BigDaddyOpFi the Shield-Bearer (Octopode Fighter)  Turns: 12140, Time: 00:20:12

Health: -3/63      AC:  1    Str: 19    XL:     9   Next: 53%
Magic:  9/9        EV: 15    Int: 11    God:    Ashenzari [......]
Gold:   442        SH:  8    Dex: 18    Spells: 8/8 levels left

rFire   + .          .
                       - Unarmed
rCold   x . .        a - +2 buckler
rNeg    . . .        (helmet restricted)
rPois   +            (no amulet)
rElec   .            d - ring of see invisible
rCorr   .            n - ring "Restrained Paranoia" {Fire rPois Str+4 Dex+3 Slay+3, Cun, Comp} (curse)
SInv    +            (no ring)
Will    .....        (no ring)
Stlth   +++          (no ring)
HPRegen 0.30/turn    (no ring)
MPRegen 0.11/turn    (no ring)
                     (no ring)

%: no passive effects
@: no status effects
A: almost no armour, amphibious, 8 rings, camouflage 1, gelatinous body 1,
(nimble swimmer 1), tentacles
a: Renounce Religion, Shatter the Chains


You were on level 8 of the Dungeon.
You worshipped Ashenzari.
Ashenzari was noncommittal.
You visited 2 branches of the dungeon, and saw 9 of its levels.

You collected 442 gold pieces.

Inventory:

Hand Weapons
 q - the +7 whip "Nysac" {antimagic, rC+ Str+2}
   (You found it on level 4 of the Dungeon)

   Str+2:     It affects your strength (+2).
   rC+:       It protects you from cold.
 z - a +1 orcbow
Missiles
 f - 4 atropa-tipped darts
 l - 4 poisoned darts (quivered)
 s - 22 stones
Armour
 a - a +2 buckler (worn)
Jewellery
 d - a ring of see invisible (left tentacle)
 n - the cursed ring "Restrained Paranoia" (right tentacle) {Fire rPois Str+4 Dex+3 Slay+3, Cun, Comp}
   (You found it on level 3 of the Dungeon)

   [ring of fire]

   Fire:      It enhances your fire magic.
   Str+4:     It affects your strength (+4).
   Dex+3:     It affects your dexterity (+3).
   Slay+3:    It affects your accuracy & damage with ranged weapons and melee
   (+3).
   rF+:       It protects you from fire.
   rC-:       It makes you vulnerable to cold.
   rPois:     It protects you from poison.
   It has a curse which improves the following skills: Cunning: Dodging and
   Stealth.
   Companions: Summonings and Necromancy.
 y - an amulet of magic regeneration
Wands
 m - a wand of acid (3)
 u - a wand of charming (7)
 v - a wand of polymorph (10)
 w - a wand of iceblast (7)
Scrolls
 j - a scroll of amnesia
 k - 2 scrolls of fog
 t - 2 scrolls of teleportation
 x - a scroll of vulnerability
Potions
 b - 2 potions of might
 c - a potion of mutation
 e - 2 potions of brilliance
 g - 2 potions of haste
 h - 3 potions of enlightenment
 i - 2 potions of lignification
 o - 2 potions of degeneration {unknown}
 p - 2 potions of curing
 r - 4 potions of attraction
 A - 3 potions of resistance {unknown}


   Skills:
 + Level 6.3 Fighting
 + Level 4.6 Throwing
 + Level 6.4(6.8) Dodging
 + Level 6.4 Shields
 + Level 6.0 Unarmed Combat
 + Level 1.6 Shapeshifting


You had 8 spell levels left.
You didn't know any spells.
Your spell library contained the following spells:

 Spells                   Type           Power      Damage    Failure   Level
 Freeze                   Ice            0%         1d3       38%         1
 Magic Dart               Conj           0%         1d3       38%         1
 Cigotuvi's Dreadful Rot  Necr/Alch/Air  0%         N/A       54%         2
 Ensorcelled Hibernation  Hex/Ice        0%         N/A       54%         2
 Searing Ray              Conj           0%         2d4       54%         2
 Frozen Ramparts          Ice            0%         1d1       77%         3
 Hailstorm                Conj/Ice       0%         3d5       77%         3
 Passwall                 Erth           0%         N/A       77%         3
 Swiftness                Air            0%         N/A       77%         3
 Dispel Undead            Necr           0%         3d6       99%         4
 Fulminant Prism          Conj/Alch      0%         3d5       99%         4
 Martyr's Knell           Necr/Summ      0%         N/A       99%         4
 Summon Forest            Summ/Tloc      0%         N/A       100%        5
 Summon Mana Viper        Hex/Summ       0%         N/A       100%        5
 Summon Cactus Giant      Summ           0%         N/A       100%        6


Dungeon Overview and Level Annotations

Branches:
Dungeon (8/15)             Temple (1/1) D:7
   Lair: D:8-11

Altars:
Ashenzari
Dithmenos
Fedhas
Gozag
Hepliaklqana
Kikubaaqudgha
Makhleb
Nemelex Xobeh
Okawaru
Qazlal
Ru
Sif Muna
Trog
Uskayaw
Vehumet
Xom
Yredelemnul
Zin
The Shining One

Shops:
D:4 ?=(:


Innate Abilities, Weirdness & Mutations

You cannot wear most types of armour.
You are amphibious.
You can wear up to eight rings at the same time.
Your skin changes colour to match your surroundings (Stealth+).
Your rubbery body absorbs attacks. (AC +1, EV +1)
((You are camouflaged when in or above water. (Stealth+)))
You have tentacles for arms and can constrict up to eight enemies at once.


Message History

a +0 dagger; a +0 robe; an orc corpse
Found a stone.
Found a stone staircase leading up.
s - 22 stones (gained 1)
Found 10 gold pieces.
Found 4 gold pieces.
Found 15 gold pieces.
You now have 427 gold pieces (gained 10).
You now have 442 gold pieces (gained 15).
A centaur comes into view.
Warning
Okay, then.
Okay, then.
Throw: 7 darts (poison)
Press: ? - help, Q - select action, (/) - cycle Shift-Dir - straight line, f - centaur
Aim: a centaur (asleep, 98% to hit)
You throw a poisoned dart. The poisoned dart hits the centaur!
The centaur is poisoned.
The centaur shouts!
The centaur wields a +1 orcbow of freezing.
It is covered in frost.
The centaur shoots an arrow.
The arrow hits you! The arrow freezes you.
Throw: 6 darts (poison)
Press: ? - help, Q - select action, (/) - cycle Shift-Dir - straight line, f/p - centaur
Aim: a centaur, wielding a +1 orcbow of freezing (very poisoned, 76% to hit)
You throw a poisoned dart. The poisoned dart hits the centaur!
The centaur looks as sick as possible!
The centaur shoots an arrow.
The arrow misses you.
Throw: 5 darts (poison)
Press: ? - help, Q - select action, (/) - cycle Shift-Dir - straight line, f/p - centaur
Aim: a centaur, wielding a +1 orcbow of freezing (lightly wounded, extremely poisoned, 76% to hit)
You throw a poisoned dart. The poisoned dart hits the centaur.
The centaur looks as sick as possible!
The centaur is lightly wounded.
The centaur shoots an arrow.
The arrow completely misses you.
The centaur shoots an arrow.
The arrow barely misses you.
The centaur shoots an arrow.
The arrow hits you!! The arrow freezes you!
* * * LOW HITPOINT WARNING * * *
The centaur shoots an arrow.
The arrow hits you!
You die...

#.........##...
#.##.........##...
#.##........<##...
#c##.........##...
#.##..............
#.##.........####.
#.##.........+ ...
#.##.........#....
#@##..............
#.##..............
#.##.........### #
#.##.....#......
#.##.....#...###
#.##.....#...#
#.##.....#...#
#........# ..#
#..#.....# +#


You could see a centaur (extremely poisoned).

Vanquished Creatures
  The ghost of Spacecowgir2 the Poker, an amateur DsGl of Kikubaaqudgha (D:5)
  A wraith (D:7)
  Eustachio (D:5)
  3 steam dragons
  2 sky beasts (D:7)
  An ogre (D:4)
  2 ice beasts
  A centaur (D:6)
  A phantom (D:3)
  4 bullfrogs
  3 scorpions
  2 bombardier beetles
  A howler monkey (D:6)
  A hound (D:7)
  A jelly (D:4)
  4 iguanas
  3 orc wizards
  5 adders
  2 shadow imps (D:6)
  A white imp (D:6)
  6 ufetubi
  12 dart slugs
  4 ribbon worms
  12 orcs
  5 ball pythons
  6 endoplasms
  10 giant cockroaches
  6 goblins
  4 hobgoblins
  6 jackals
  10 kobolds
  4 quokkas
  11 bats
  4 frilled lizards
  8 rats
148 creatures vanquished.

Notes
Turn   | Place    | Note
-------+----------+-------------------------------------------
     0 | D:1      | BigDaddyOpFi the Octopode Fighter began the quest for the
                  | Orb.
     0 | D:1      | Reached XP level 1. HP: 16/16 MP: 1/1
    83 | D:1      | Reached XP level 2. HP: 12/21 MP: 2/2
   341 | D:1      | Reached XP level 3. HP: 26/26 MP: 3/3
   682 | D:2      | Reached XP level 4. HP: 31/31 MP: 4/4
  1433 | D:3      | Noticed a bullfrog
  1434 | D:3      | Noticed a scorpion
  1460 | D:2      | Killed a bullfrog
  1461 | D:2      | Reached XP level 5. HP: 19/37 MP: 5/5
  2745 | D:3      | Reached XP level 6. HP: 40/43 MP: 6/6
  3259 | D:3      | Identified the ring of Xefol {Fire rPois Str+4 Dex+3
                  | Slay+3}
  6575 | D:4      | Found Biathuit's Magic Scroll Boutique.
  6624 | D:4      | Reached skill level 1 in Throwing
  6708 | D:4      | Found Piczylem's Book Shop.
  6721 | D:4      | Reached XP level 7. HP: 49/49 MP: 7/7
  6867 | D:4      | Identified the +7 whip "Nysac" {antimagic, rC+ Str+2}
  6918 | D:4      | Found Dauci's Jewellery Shop.
  6973 | D:4      | Found Ytall's Antique Weapon Shoppe.
  7096 | D:4      | Found a shimmering blue altar of Sif Muna.
  7161 | D:5      | Entered Level 5 of the Dungeon
  7508 | D:5      | Noticed a steam dragon
  7517 | D:5      | Killed a steam dragon
  7531 | D:5      | Noticed Eustachio
  7535 | D:5      | Killed Eustachio
  7536 | D:5      | Reached skill level 5 in Fighting
  7536 | D:5      | Reached skill level 5 in Dodging
  7536 | D:5      | Reached skill level 5 in Shields
  7536 | D:5      | Reached XP level 8. HP: 49/55 MP: 8/8
  7733 | D:5      | Found a runed translucent gate.
  7733 | D:5      | Found a runed translucent gate.
  7733 | D:5      | Found a runed translucent gate.
  7734 | D:5      | Noticed Spacecowgir2's ghost (amateur DsGl)
  7771 | D:5      | Killed Spacecowgir2's ghost
  8121 | D:5      | Found a hide-covered altar of Uskayaw.
  8163 | D:5      | Found an opulent altar of Gozag.
  8471 | D:6      | Reached skill level 5 in Unarmed Combat
 10244 | D:7      | Reached XP level 9. HP: 41/62 MP: 9/9
 10356 | D:7      | Found a staircase to the Ecumenical Temple.
 10369 | Temple   | Entered the Ecumenical Temple
 10434 | Temple   | Became a worshipper of Ashenzari the Shackled
 10515 | D:7      | Reached skill level 1 in Shapeshifting
 12140 | D:8      | Shot with an arrow by a centaur

Illustrated notes

Levels and vault maps discovered:
D:1:      lemuel_arrival_rhombus, layout_rooms
D:2:      layout_loops_corners, minmay_diced_spiral
D:3:      kennysheep_slugbush, layout_rooms, minmay_misc_feat_nine_boxes
D:4:      layout_gridville, kennysheep_mini_moat, serial_shops, shop,
          nicolae_shop_gaudy_bauble, shop_coins, shop,
          hangedman_abyss_or_decor_jellyfish_corner, kennysheep_generic_room_9
D:5:      layout_loops_ring, mainiacjoe_overflow_two_lobes,
          ebering_ghost_rock_garden, uniq_eustachio
D:6:      layout_cave_pools, serial_library_regret_index_headful
D:7:      layout_loops_cross, minmay_temple_entry_tees
D:8:      layout_basic, kennysheep_mini, chei_slow_surprise,
          grunt_lair_entry_orc_guard_hut
Temple:   nicolae_temple_superstar

Skill      XL: |  1  2  3  4  5  6  7  8  9 |
---------------+----------------------------+-----
Unarmed Combat | 3 4 5 6 |  6.0
Fighting       | 4 5 6 |  6.3
Dodging        | 4 5 6 |  6.4
Shields        | 4 5 6 |  6.4
Throwing       | 1 2 4 |  4.6
Shapeshifting  | 1 |  1.6

Action                     |  1- 3 |  4- 6 |  7- 9 || total
---------------------------+-------+-------+-------++-------
  Melee: Unarmed           |    75 |   113 |   113 ||   301
         Constrict         |    18 |    34 |    29 ||    81
         Tentacles         |    15 |    18 |    29 ||    62
         Punch             |       |     3 |     7 ||    10
  Throw: Dart              |       |     8 |    48 ||    56
         Stone             |       |       |    11 ||    11
 Invoke: Curse Item        |       |       |     1 ||     1
  Evoke: Wand              |       |       |    11 ||    11
    Use: Scroll            |     2 |     8 |     4 ||    14
         Potion            |       |     1 |    10 ||    11
   Stab: Sleeping          |     7 |     6 |     3 ||    16
 Armour: Skin              |    22 |    81 |    53 ||   156
  Dodge: Dodged            |    25 |    85 |    62 ||   172
  Block: Buckler           |    19 |    34 |    43 ||    96

Table legend: (Time is in decaauts)
 A = Elapsed time spent in this place.
 B = Non-inter-level travel time spent in this place.
 C = Inter-level travel time spent in this place.
 D = Time resting spent in this place.
 E = Time spent auto-exploring this place.
 F = Levels seen in this place.
 G = Mean time per level.
                   A        B        C        D        E       F      G
               +--------+--------+--------+--------+--------+-----+--------+
         Total |  12131 |  11823 |    308 |   6966 |   2650 |   9 | 1347.9 |
       Dungeon |  12050 |  11767 |    283 |   6912 |   2650 |   8 | 1506.2 |
        Temple |     81 |     56 |     25 |     54 |      0 |   1 |   81.0 |
               +--------+--------+--------+--------+--------+-----+--------+

Top non-repeatable levels by time:
     D:3: 3513 daAuts
     D:2: 2605 daAuts
     D:6: 1841 daAuts
     D:7: 1014 daAuts
     D:5: 938 daAuts
     D:4: 860 daAuts
     D:8: 777 daAuts
     D:1: 498 daAuts
  Temple: 81 daAuts
